 Dungeon Crawl Stone Soup version 0.31-a0-236-g9a0961fb85 (webtiles) character file.

Game seed: 321710223409852996

112 qw the Shooter (level 4, -1/36 HPs)
             Began as a Minotaur Hexslinger on July 10, 2023.
             Slain by Ijyb
             ... wielding a +0 dagger
              (3 damage)
             ... on level 4 of the Dungeon.
             The game lasted 00:00:55 (2328 turns).

qw the Shooter (Minotaur Hexslinger)                Turns: 2328, Time: 00:00:55

Health: -1/36      AC:  3    Str: 13    XL:     4   Next: 63%
Magic:  4/4        EV: 12    Int: 10    God:
Gold:   125        SH:  0    Dex: 14    Spells: 4/5 levels left

rFire   . . .        Y - +0 orcbow
rCold   . . .        (shield currently unavailable)
rNeg    . . .        c - +0 robe
rPois   .            (helmet restricted)
rElec   .            a - +0 cloak
rCorr   .            (no gloves)
SInv    .            (no boots)
Will    .....        (no amulet)
Stlth   +            (no ring)
HPRegen 0.26/turn    (no ring)
MPRegen 0.09/turn

%: no passive effects
@: about to teleport
A: horns 2, retaliatory headbutt, talons 1
a: no special abilities


You were on level 4 of the Dungeon.
You visited 1 branch of the dungeon, and saw 4 of its levels.

You collected 125 gold pieces.


Innate Abilities, Weirdness & Mutations

You have a pair of horns on your head.
You reflexively headbutt those who attack you in melee.
You have sharp toenails.


   Skills:
 + Level 2.2 Fighting
 - Level 5.1 Ranged Weapons
 - Level 2.1 Dodging
 - Level 1.0 Spellcasting
 - Level 2.0 Hexes


You had 4 spell levels left.
You knew the following spells:

 Your Spells              Type           Power      Damage    Failure   Level
a - Slow                  Hex            16%        N/A       16%         1

Your spell library contained the following spells:

 Spells                   Type           Power      Damage    Failure   Level
 Inner Flame              Hex/Fire       2%         N/A       56%         3
 Portal Projectile        Hex/Tloc       4%         N/A       56%         3
 Cause Fear               Hex            2%         N/A       83%         4

Inventory:

Hand Weapons
 Y - a +0 orcbow (weapon)
Armour
 a - a +0 cloak (worn)
 c - a +0 robe (worn)
Scrolls
 f - a scroll of identify
 j - a scroll of teleportation
 k - 2 scrolls of fear {unknown}
Potions
 b - a potion of mutation
 d - a potion of curing
 e - a potion of enlightenment
 g - a potion of brilliance {unknown}
 h - a potion of degeneration {unknown}
 i - 2 potions of haste {unknown}
 l - a potion of magic {unknown}

Dungeon Overview and Level Annotations

Branches:
Dungeon (4/15)
 Temple: D:4-7

Altars:
Gozag
Trog
Uskayaw

Annotations:
D:4 Ijyb


Message History

You shoot an arrow. The arrow closely misses the goblin.
The goblin barely misses you. You furiously retaliate!
You headbutt the goblin.
You kill the goblin!
Ijyb the Twisted Goblin comes into view.
She is wielding a +0 dagger and carrying a wand of flame (4).
Things that are here:
a +0 club; a goblin corpse You shoot an arrow.
The arrow misses Ijyb.
You shoot an arrow. The arrow hits Ijyb but does no damage.
You shoot an arrow. The arrow closely misses Ijyb.
Ijyb zaps a wand.
The puff of flame hits you!
You shoot an arrow. The arrow barely misses Ijyb.
Ijyb hits you with a +0 dagger.
You shoot an arrow. The arrow barely misses Ijyb.
Ijyb hits you with a +0 dagger.
You shoot an arrow. The arrow hits Ijyb but does no damage.
Ijyb hits you with a +0 dagger.
Ijyb screams, "No!
No, no, no, no!"
Ijyb hits you but does no damage.
You shoot an arrow. The arrow hits Ijyb but does no damage.
Ijyb hits you but does no damage.
You shoot an arrow. The arrow hits Ijyb but does no damage.
Ijyb zaps a wand.
The puff of flame hits you.
You shoot an arrow. The arrow closely misses Ijyb.
Ijyb closely misses you. You furiously retaliate!
You headbutt Ijyb! You shoot an arrow. The arrow closely misses Ijyb.
Ijyb barely misses you.
Ijyb zaps a wand.
The puff of flame hits you!
2325 ||| READING 2 scrolls of teleportation.
As you read the scroll of teleportation, it crumbles to dust.
You feel strangely unstable.
You hear the slow hiss of an avalanche of sand very nearby.
Ijyb closely misses you.
You shoot an arrow. The arrow closely misses Ijyb.
Ijyb zaps a wand.
The puff of flame misses you.
The now-empty wand crumbles to dust.
You shoot an arrow. The arrow barely misses Ijyb.
Ijyb closely misses you.
You shoot an arrow. The arrow hits Ijyb.
Ijyb is heavily wounded.
Ijyb hits you with a +0 dagger.
You die...

##### . #...#
... ####...#
#..### #......#
#.....##.##.###
#.g@..##.#
#.......##.#
#...####.##.#
#.. #.#..# ...
#...## ###
##..## ..
#..#### ...
#)....# ....
#.###..#


You could see Ijyb.

Vanquished Creatures
  4 adders (D:3)
  A gnoll (D:1)
  2 worms
  3 dart slugs (D:1)
  2 ball pythons
  A bat (D:1)
  9 endoplasms
  5 goblins
  6 hobgoblins
  4 kobolds
  3 quokkas
  5 frilled lizards
  7 rats
  2 butterflies (D:1)
54 creatures vanquished.

Notes
Turn   | Place    | Note
-------+----------+-------------------------------------------
     0 | D:1      | qw the Minotaur Hexslinger began the quest for the Orb.
     0 | D:1      | Reached XP level 1. HP: 16/16 MP: 1/1
     0 | D:1      | 0 ||| qw: Version: 0.3-a-52-g30416fa
     0 | D:1      | 0 ||| qw: Game counter: 4701
     0 | D:1      | 0 ||| qw: Melee chars always use a shield: true
     0 | D:1      | 0 ||| qw: God list: Okawaru
     0 | D:1      | 0 ||| qw: Allow faded altars: false
     0 | D:1      | 0 ||| qw: Do Orc after clearing Dungeon:15 true
     0 | D:1      | 0 ||| qw: Do second Lair branch before Depths: true
     0 | D:1      | 0 ||| qw: Lair rune preference: random
     0 | D:1      | 0 ||| qw: Goals: Normal
     0 | D:1      | 0 ||| PLANNING D:1-11
    12 | D:1      | 12 ||| FLEEEEING.
   186 | D:1      | Reached skill level 3 in Ranged Weapons
   260 | D:1      | Reached XP level 2. HP: 23/23 MP: 2/2
   305 | D:1      | 305 ||| FLEEEEING.
   506 | D:1      | HP: 6/24 [gnoll/+0 whip (10)]
   508 | D:1      | Reached XP level 3. HP: 8/29 MP: 3/3
   806 | D:1      | 806 ||| READING scroll labelled VUOW NIPRY.
   807 | D:1      | 807 ||| READING scroll labelled CUOS HORRE.
   808 | D:1      | 808 ||| READING scroll labelled OMNAHI YNERUPH.
   809 | D:1      | 809 ||| DROPPING scroll of poison.
   876 | D:2      | Found an opulent altar of Gozag.
   882 | D:2      | Reached skill level 4 in Ranged Weapons
  1282 | D:2      | 1282 ||| SWAPPING to +0 orcbow.
  1294 | D:2      | 1294 ||| DROPPING +1 sling.
  1643 | D:2      | 1643 ||| UPGRADING to +0 cloak.
  1648 | D:2      | 1648 ||| READING scroll labelled UMAWOPP KOIJE.
  1649 | D:2      | 1649 ||| READING 2 scrolls labelled FIUDDE ATZUCK.
  1654 | D:2      | 1654 ||| READING scroll labelled VEZAGO FOPODA.
  1655 | D:2      | 1655 ||| DRINKING 2 murky emerald potions.
  1761 | D:3      | Found a hide-covered altar of Uskayaw.
  1772 | D:3      | Found a bloodstained altar of Trog.
  1879 | D:3      | Reached XP level 4. HP: 21/36 MP: 4/4
  2050 | D:3      | Reached skill level 5 in Ranged Weapons
  2213 | D:3      | 2213 ||| DRINKING 2 amethyst potions.
  2213 | D:3      | Gained mutation: You have sharp toenails. [potion of
                  | mutation]
  2214 | D:3      | 2214 ||| DRINKING 2 grey potions.
  2225 | D:4      | 2225 ||| PLANNING OSSUARY
  2235 | D:4      | 2235 ||| STAIRDANCE
  2314 | D:4      | Noticed Ijyb
  2324 | D:4      | HP: 1/36 [Ijyb/puff of flame (12)]
  2325 | D:4      | 2325 ||| READING 2 scrolls of teleportation.
  2328 | D:4      | Slain by Ijyb

Levels and vault maps discovered:
D:1:      spicycebolla_arrival_clurvy, layout_basic, serial_glass,
          glass_columns_b, glass_columns_a
D:2:      layout_basic, basic_altar, due_unseen_surprise
D:3:      layout_basic, nicolae_overflow_squiral,
          corexii_item_surrounded_by_moat
D:4:      layout_rooms, general_overflow_altar,
          lightli_ossuary_entry_decrepit_ruins, uniq_ijyb, uniq_edmund

Skill      XL: |  1  2  3  4 |
---------------+-------------+-----
Ranged Weapons | 3 4 5 |  5.1
Fighting       | 2 |  2.2
Dodging        | |  2.1
Spellcasting   | |  1.0
Hexes          | |  2.0

Action                     |  1- 3 |  4- 6 || total
---------------------------+-------+-------++-------
   Fire: Sling             |    75 |       ||    75
         Orcbow            |    43 |    47 ||    90
    Use: Scroll            |     6 |     1 ||     7
         Potion            |     1 |     2 ||     3
 Armour: Robe              |     7 |     6 ||    13
  Dodge: Dodged            |    25 |     7 ||    32

Table legend:
 A = Non-vault XP
 B = Vault XP
 C = Vault XP percentage of total XP
 D = Non-vault monster count
 E = Vault monster count
 F = Vault count percentage of total count
                 A         B        C        D         E       F
            +---------+---------+-------+---------+---------+-------
      Total |     160 |       0 |   0.0 |      52 |       0 |   0.0
            +---------+---------+-------+---------+---------+-------
        D:1 |      58 |       0 |   0.0 |      24 |       0 |   0.0
        D:2 |      18 |       0 |   0.0 |       9 |       0 |   0.0
        D:3 |      78 |       0 |   0.0 |      16 |       0 |   0.0
        D:4 |       6 |       0 |   0.0 |       3 |       0 |   0.0
            +---------+---------+-------+---------+---------+-------
